 Dungeon Crawl Stone Soup version 0.22-a0-392-g5dc3fd9 (webtiles) character file.

457 Gildeon the Ruffian (level 6, 0/62 HPs)
             Began as a Troll Fighter on May 1, 2018.
             Was a Follower of Uskayaw.
             Slain by soark's ghost (4 damage)
             ... on level 5 of the Dungeon.
             The game lasted 00:13:19 (2941 turns).

Gildeon the Ruffian (Troll Fighter)                 Turns: 2941, Time: 00:13:20

Health: 0/62       AC:  5    Str: 25    XL:     6   Next: 77%
Magic:  5/5        EV: 10    Int:  5    God:    Uskayaw [*.....]
Gold:   201        SH:  0    Dex: 10    Spells: 5/5 levels left

rFire    . . .     SeeInvis .     - Unarmed
rCold    . . .     Gourm    +   (no shield)
rNeg     + . .     Faith    .   k - +0 robe of a Million Souls {rN+ rCorr}
rPois    .         Spirit   .   (helmet restricted)
rElec    .         Reflect  .   (no cloak)
rCorr    +         Harm     .   (gloves unavailable)
MR       .....                  (boots unavailable)
Stlth    +.........             o - amulet of regeneration
HPRegen  1.00/turn              (no ring)
MPRegen  0.09/turn              (no ring)

@: no status effects
A: large, unfitting armour, claws 3, fast metabolism 3, gourmand, regeneration
1, shaggy fur 1, tough skin 2
a: Stomp, Renounce Religion


You were on level 5 of the Dungeon.
You worshipped Uskayaw.
Uskayaw was noncommittal.
You were completely stuffed.

You visited 1 branch of the dungeon, and saw 5 of its levels.

You collected 201 gold pieces.

Inventory:

Armour
 k - the +0 robe of a Million Souls (worn) {rN+ rCorr}
   (You found it on level 4 of the Dungeon)

   It protects you from negative energy.
   It protects you from acid and corrosion.
Jewellery
 o - an amulet of regeneration (around neck)
Wands
 g - a wand of disintegration (6)
 l - a wand of paralysis (8)
Scrolls
 i - a scroll of teleportation
 j - a scroll of blinking
Potions
 b - a potion of cancellation
 c - 3 potions of might
 e - 3 potions of curing
 f - a potion of invisibility
 m - 2 potions of haste
 n - 2 potions of flight {unknown}
 p - a potion of heal wounds {unknown}
 q - a potion of agility {unknown}
Comestibles
 d - 7 rations


   Skills:
 + Level 3.8 Fighting
 - Level 2.4 Dodging
   Level 2.4 Shields
 - Level 6.4 Unarmed Combat


You had 5 spell levels left.
You didn't know any spells.

Dungeon Overview and Level Annotations

Branches:
Dungeon (5/15)
 Temple: D:4-7

Altars:
Gozag
Hepliaklqana
Ru
Uskayaw
Vehumet
Xom
Zin

Shops:
D:5 =

Annotations:
D:5 soark's ghost, amateur DECj


Innate Abilities, Weirdness & Mutations

You are too large for most types of armour.
You have claws for hands.
Your metabolism is lightning-fast.
You like to eat raw meat.
Your natural rate of healing is unusually fast.
You are covered in fur. (AC +1)
You have very tough skin. (AC +2)


Message History

You closely miss soark's ghost. The quokka bites you.
Soark's ghost gestures at you while chanting.
The magic dart hits you!
You closely miss soark's ghost. The quokka closely misses you.
Soark's ghost barely misses you. Soark's ghost hits you.
The quokka bites you but does no damage.
Found a glowing silver altar of Zin.
Soark's ghost closely misses you.
You scratch soark's ghost.
Soark's ghost is lightly damaged.
The quokka twitches its whiskers.
The quokka barely misses you.
Soark's ghost points at you and mumbles some strange words.
The orb of energy hits you!
* * * LOW HITPOINT WARNING * * *
You claw the quokka!
You kill the quokka!
Soark's ghost hits you.
You die...

### # ..#
#.####..#
#.#....##.#
#.........#
#...####
####......#
#....@W...#
#.###.†[..#
#.#.......#
#.#.##....#
#.#. #....#
#.# .......
#####.##
##.....∩
#<.....#
.#.#....
########
_.....


You could see soark's ghost.

Vanquished Creatures
  Sigmund (D:4)
  An orc priest (D:4)
  A hound (D:4)
  A jelly (D:4)
  2 iguanas (D:4)
  An orc wizard (D:3)
  3 adders
  3 gnolls (D:4)
  An ooze (D:3)
  3 worms
  A dart slug (D:1)
  2 leopard geckos
  10 orcs
  A ball python (D:3)
  4 bats
  2 giant cockroaches
  5 goblins
  5 hobgoblins
  6 kobolds
  A quokka (D:5)
  9 frilled lizards
  5 rats
  2 plants (D:4)
70 creatures vanquished.

Notes
Turn   | Place    | Note
-------+----------+-------------------------------------------
     0 | D:1      | Gildeon the Troll Fighter began the quest for the Orb.
     0 | D:1      | Reached XP level 1. HP: 22/22 MP: 0/0
    93 | D:1      | Reached XP level 2. HP: 29/29 MP: 1/1
   378 | D:1      | Reached skill level 3 in Unarmed Combat
   461 | D:2      | Reached XP level 3. HP: 36/36 MP: 2/2
   636 | D:2      | Reached skill level 4 in Unarmed Combat
   672 | D:2      | Found a hide-covered altar of Uskayaw.
   693 | D:2      | Became a worshipper of Uskayaw the Reveler
   741 | D:2      | Reached * piety under Uskayaw
   842 | D:2      | Found an opulent altar of Gozag.
  1114 | D:3      | Found a shimmering altar of Xom.
  1116 | D:3      | Found a shimmering altar of Xom.
  1117 | D:3      | Found a shimmering altar of Xom.
  1117 | D:3      | Found a shimmering altar of Xom.
  1117 | D:3      | Found a shimmering altar of Xom.
  1122 | D:3      | Found a shimmering altar of Xom.
  1122 | D:3      | Found a shimmering altar of Xom.
  1234 | D:3      | Reached XP level 4. HP: 44/44 MP: 3/3
  1234 | D:3      | Reached ** piety under Uskayaw
  1489 | D:3      | Reached skill level 5 in Unarmed Combat
  1493 | D:3      | Reached *** piety under Uskayaw
  1599 | D:3      | Found a hazy altar of Hepliaklqana.
  2186 | D:4      | Noticed Sigmund
  2198 | D:4      | Killed Sigmund
  2198 | D:4      | Reached skill level 6 in Unarmed Combat
  2198 | D:4      | Reached XP level 5. HP: 50/50 MP: 4/4
  2198 | D:4      | Reached XP level 6. HP: 59/59 MP: 5/5
  2524 | D:4      | Found a sacrificial altar of Ru.
  2701 | D:4      | Got a dull robe
  2712 | D:4      | Identified the +0 robe of a Million Souls {rN+ rCorr} (You found it on level 4 of the Dungeon)
  2756 | D:4      | Found a radiant altar of Vehumet.
  2916 | D:5      | Entered Level 5 of the Dungeon
  2929 | D:5      | Found Puludepa's Jewellery Shoppe.
  2929 | D:5      | Noticed soark's ghost (amateur DECj)
  2938 | D:5      | Found a glowing silver altar of Zin.
  2941 | D:5      | Slain by soark's ghost

Vault maps used:
D:1:      dpeg_arrival_more_subterranean_lakeside_camping, grunt_decor_arrowhead
D:2:      old_standard_altar, grunt_gozag_statues
D:3:      nicolae_overflow_crystal_walls, nicolae_xom_altar_mimics
D:4:      fiery_altar_vehumet, nicolae_ru_the_path_less_chosen, first_ration,
          minmay_misc_feat_doors, uniq_sigmund
D:5:      makhleb_altar_promises_db, lemuel_crystal_altar, lemuel_round_altar,
          serial_shops, shop

Skill      XL: |  1  2  3  4  5  6 |
---------------+-------------------+-----
Unarmed Combat | 3 4 6 |  6.4
Fighting       | 3 |  3.8
Dodging        | |  2.4
Shields        | |  2.4

Action                   |  1- 3 |  4- 6 || total
-------------------------+-------+-------++-------
Melee: Unarmed           |    93 |   120 ||   213
       Punch             |     3 |     9 ||    12
Evoke: Wand              |       |     4 ||     4
  Use: Scroll            |     6 |     9 ||    15
 Stab: Paralysed         |       |     3 ||     3
       Sleeping          |       |     1 ||     1
  Eat: Chunk             |    17 |    15 ||    32
Armor: Robe              |    44 |    49 ||    93
Dodge: Dodged            |    55 |    79 ||   134

Table legend:
 A = Spawn XP
 B = Non-spawn XP
 C = Spawn XP percentage of total XP
 D = Spawn monster count
 E = Non-spawn monster count
 F = Spawn count percentage of total count
 G = Total turns spent on level
                    A         B        C        D         E        F      G
               +---------+---------+-------+---------+---------+-------+---------
         Total |       0 |     653 |   0.0 |       0 |      68 |   0.0 |  2941
               +---------+---------+-------+---------+---------+-------+---------
           D:1 |       0 |      23 |   0.0 |       0 |      12 |   0.0 |   451
           D:2 |       0 |      68 |   0.0 |       0 |      23 |   0.0 |   657
           D:3 |       0 |      79 |   0.0 |       0 |      16 |   0.0 |  1077
           D:4 |       0 |     481 |   0.0 |       0 |      16 |   0.0 |   731
           D:5 |       0 |       2 |   0.0 |       0 |       1 |   0.0 |    25
               +---------+---------+-------+---------+---------+-------+---------
